AoeStats
← Maximus1743

Arena

509274031Analyzed
4v4 RM · 5d ago on Sep 26, 2026· 47m 37s· 8 players
Game mode
Random Map
Map size
Large (8 player)
Population
200
Speed
Normal
Resources
Standard
Victory
Conquest
Starting age
Dark Age
Ending age
Imperial Age
RankedLock teamsTeams togetherTeam positionsShared explorationLock speedFull tech treeHidden civsTurbo modeCheats
Victory
Defeat
🇩🇪 Saxons · Germany
1339
+14
🇲🇽 Mapuche · Mexico
1262
+18
🇲🇽 Hindustanis · Mexico
1255
+18
🇨🇴 Mongols · Colombia
1184
+21
🇨🇳 Byzantines · China
1328
-19
🇺🇸 Teutons · United States
1326
-27
🇰🇷 Saracens · South Korea
1275
-17
🇲🇽 Danes · Mexico
1251
-16
VenenoMcc
12:03 Feudal Age
13:26 Wheelbarrow
16:16 Castle Age
14:42 Double-Bit Axe
14:51 Horse Collar
15:19 Gold Mining
15:40 Stone Mining
21:37 Loom
26:23 Town Watch
26:41 Scale Mail Armor
28:06 Padded Archer Armor
29:21 Bloodlines
29:27 Scale Barding Armor
30:40 Bow Saw
31:25 Gold Shaft Mining
31:21 Husbandry
31:36 Fletching
32:49 Nomads
35:56 Imperial Age
33:55 Forging
34:02 Leather Archer Armor
34:53 Hand Cart
35:06 Caravan
35:05 Pikeman
35:46 Squires
38:00 Chemistry
37:18 Chain Mail Armor
38:03 Chain Barding Armor
37:21 Elite Steppe Lancer
38:28 Bodkin Arrow
39:44 Conscription
38:50 Light Cavalry
39:56 Hussar
41:23 Iron Casting
41:25 Elite Mangudai
43:08 Plate Mail Armor
44:38 Bracer
45:39 Blast Furnace
46:01 Drill
47:00 Capped Ram
Greñicov
10:52 Feudal Age
11:41 Double-Bit Axe
16:03 Castle Age
14:16 Horse Collar
21:15 Gold Mining
27:36 Imperial Age
25:45 Wheelbarrow
24:59 Town Watch
25:02 Loom
27:26 Forging
27:22 Scale Barding Armor
27:31 Bloodlines
27:22 Husbandry
27:54 Hand Cart
28:38 Gold Shaft Mining
28:55 Iron Casting
30:03 Chain Barding Armor
29:52 Heavy Plow
33:32 Plate Barding Armor
33:58 Blast Furnace
33:22 Conscription
33:05 Padded Archer Armor
32:43 Heavy Camel Rider
34:48 Chemistry
36:11 Town Patrol
37:26 Light Cavalry
39:06 Shatagni
39:50 Leather Archer Armor
44:40 Imperial Camel Rider
[inkas'A] jony567
8:26 Loom
11:42 Feudal Age
12:36 Town Watch
12:40 Double-Bit Axe
12:39 Horse Collar
16:18 Castle Age
17:42 Heavy Plow
17:57 Bow Saw
18:17 Fletching
28:11 Imperial Age
25:56 Padded Archer Armor
27:11 Gold Mining
29:40 Elite Bolas Rider
30:53 Bodkin Arrow
32:11 Malon
34:05 Leather Archer Armor
35:56 Chemistry
34:37 Pikeman
36:18 Ballistics
39:40 Scale Mail Armor
40:20 Ring Archer Armor
44:08 Butalmapu
45:16 Conscription
46:07 Gold Shaft Mining
45:22 Stone Mining
[VYRE] Vantage
9:38 Feudal Age
9:55 Loom
13:17 Castle Age
11:06 Double-Bit Axe
11:38 Gold Mining
14:01 Town Watch
18:25 Sanctity
21:21 Redemption
28:03 Imperial Age
27:01 Squires
26:54 Fletching
29:35 Block Printing
29:47 Illumination
29:46 Bodkin Arrow
29:53 Shield Wall
30:54 Conscription
30:37 Bracer
32:53 Scale Mail Armor
32:15 Pikeman
33:26 Clerical Recruitment
34:48 Halberdier
36:51 Chain Mail Armor
37:05 Forging
37:57 Bow Saw
37:29 Horse Collar
38:29 Masonry
39:16 Plate Mail Armor
40:27 Ballistics
43:11 Architecture
46:32 Wheelbarrow
TinyBohner34
11:17 Feudal Age
12:22 Double-Bit Axe
14:56 Castle Age
14:24 Horse Collar
23:09 Wheelbarrow
28:29 Imperial Age
26:27 Scale Barding Armor
26:33 Forging
26:42 Hand Cart
28:13 Chain Barding Armor
28:04 Gold Mining
28:16 Heavy Plow
29:11 Bloodlines
29:43 Iron Casting
29:11 Stone Mining
28:58 Cavalier
30:45 Paladin
32:17 Plate Barding Armor
33:12 Town Watch
34:01 Crop Rotation
33:44 Bow Saw
34:20 Conscription
36:25 Blast Furnace
36:07 Elite Teutonic Knight
36:46 Fletching
37:19 Ballistics
37:44 Squires
37:30 Gambesons
37:49 Scale Mail Armor
38:42 Stone Shaft Mining
39:12 Chain Mail Armor
38:53 Bodkin Arrow
40:33 Plate Mail Armor
40:31 Padded Archer Armor
43:52 Chemistry
42:58 Siege Engineers
44:26 Hoardings
43:26 Heavy Scorpion
Maximus1743
10:15 Feudal Age
14:23 Castle Age
12:11 Double-Bit Axe
12:49 Horse Collar
13:17 Scale Mail Armor
14:33 Forging
15:48 Town Watch
16:03 Gambesons
19:00 Squires
21:25 Devotion
Noobie
0:28 Loom
10:35 Feudal Age
10:59 Horse Collar
11:08 Double-Bit Axe
13:41 Gold Mining
14:02 Stone Mining
14:50 Wheelbarrow
18:30 Castle Age
19:47 Bow Saw
19:38 Heavy Plow
20:50 Hand Cart
21:54 Scale Barding Armor
24:56 Chain Barding Armor
24:58 Husbandry
27:42 Herbal Medicine
28:40 Forging
29:25 Bloodlines
30:15 Gold Shaft Mining
35:47 Imperial Age
33:05 Town Watch
34:17 Iron Casting
35:10 Bimaristan
35:22 Light Cavalry
37:02 Conscription
37:33 Plate Barding Armor
38:48 Blast Furnace
40:28 Hussar
45:13 Elite Mameluke
46:55 Heavy Camel Rider
S.T.A.R.S. Wesker
10:49 Feudal Age
14:44 Castle Age
12:50 Double-Bit Axe
13:03 Horse Collar
21:46 Heavy Plow
23:36 Wheelbarrow
24:46 Loom
27:36 Imperial Age
26:48 Scale Barding Armor
27:52 Heavy Camel Rider
30:07 Chain Barding Armor
29:57 Forging
34:51 Plate Barding Armor
34:51 Iron Casting
37:38 Fletching
38:53 Bodkin Arrow
42:07 Ballistics
42:48 Chemistry
42:46 Bracer
42:13 Light Cavalry
44:23 Padded Archer Armor
45:11 Hand Cart
45:18 Leather Archer Armor
45:03 Murder Holes
44:31 Elite Skirmisher
45:51 Bow Saw
46:33 Hoardings
Connection lost

Rejoining the realm…

Still unreachable

The connection could not be restored.

Session expired

The server has moved on; the page needs a fresh start.